 Dungeon Crawl Stone Soup version 0.29.1-15-g9cfb28693d (webtiles) character file.

Game seed: 8030152465415422306

15 101zpm the Magician (level 2, -13/21 HPs)
             Began as a Djinni Fire Elementalist on Mar 7, 2023.
             Killed from afar by Ijyb (20 damage)
             ... with an iceblast
             ... on level 3 of the Dungeon.
             The game lasted 00:01:25 (516 turns).

101zpm the Magician (Djinni Fire Elementalist)       Turns: 516, Time: 00:01:26

Health: -13/21     AC:  2    Str:  7    XL:     2   Next: 65%
Gold:   39         EV: 12    Int: 16    God:
                   SH:  0    Dex: 13

rFire   + + .      SeeInvis .   (no weapon)
rCold   x . .      Faith    .   (no shield)
rNeg    . . .      Spirit   .   a - +0 robe
rPois   ∞          Reflect  .   (no helmet)
rElec   .          Harm     .   (no cloak)
rCorr   .          Rampage  .   (no gloves)
Will    .....                   (boots unavailable)
Stlth   ++........              (no amulet)
HPRegen 0.07/turn               (no ring)
MPRegen 0.00/turn               (no ring)

@: flying
A: sickness immunity, fire resistance 2, cold vulnerability 1, float, innate
caster, HP casting, extra vitality 1
a: no special abilities


You were on level 3 of the Dungeon.
You visited 1 branch of the dungeon, and saw 3 of its levels.

You collected 39 gold pieces.

Inventory:

Armour
 a - a +0 robe (worn)
Jewellery
 d - a ring of positive energy
Scrolls
 b - a scroll of teleportation {unknown}
 c - a scroll of identify {unknown}
Potions
 e - a potion of brilliance {unknown}


   Skills:
 + Level 2.2 Dodging
 + Level 1.7 Stealth
 + Level 2.9 Spellcasting


You couldn't memorise any spells.
You knew the following spells:

 Your Spells              Type           Power      Damage    Failure   Level
a - Foxfire               Conj/Fire      44%        2x1d6     5%          1
b - Scorch                Fire           22%        2d6       9%          2
c - Conjure Flame         Conj/Fire      11%        6-21      17%         3
d - Inner Flame           Hex/Fire       11%        N/A       17%         3
e - Flame Wave            Conj/Fire      11%        2d6       50%         4
Your spell library was empty.

Dungeon Overview and Level Annotations

Branches:
Dungeon (3/15)

Altars:

Annotations:
D:3 Ijyb


Innate Abilities, Weirdness & Mutations

You are immune to sickness and miasma.
You are immune to poison.
Your flesh is very heat resistant. (rF++)
You are vulnerable to cold. (rC-)
You float through the air rather than walking.
You learn spells naturally, not from books.
Your magical power is your life essence.
You have superior vitality. (+4 MHP)


Message History

You hear a shout!
Casting: Scorch (safe; 9% risk of failure)
Confirm with . or Enter, or press ? or * to list all spells.
Flames lash the quokka.
The quokka is burned terribly!
You kill the quokka!
You conjure some foxfire!
You conjure some foxfire!
Casting: Foxfire (safe; 6% risk of failure)
Confirm with . or Enter, or press ? or * to list all spells.
Flames lash the quokka.
The quokka is almost dead.
The quokka's fire resistance burns away.
You hear a shout!
The foxfire hits the quokka!
The quokka is burned terribly!
You kill the quokka!
An orc comes into view. It is wielding a +0 dagger.
An endoplasm comes into view.
There are monsters nearby!
Casting: Scorch (safe; 9% risk of failure)
Confirm with . or Enter, or press ? or * to list all spells.
Flames lash the orc.
The orc is almost dead.
The orc's fire resistance burns away.
The foxfire hits the orc.
The orc is burned terribly!
You kill the orc!
Ijyb the Twisted Goblin comes into view.
She is wielding a +0 club and carrying a wand of iceblast (14).
You are too injured to fight recklessly!
Casting: Foxfire (safe; 5% risk of failure)
Press: ? - help, Q - select action, (/) - cycle Dir - look around, f - activate You conjure some foxfire!
Your foxfire dissipates!
Casting: Foxfire (safe; 5% risk of failure)
Press: ? - help, Q - select action, (/) - cycle Dir - look around, f - activate You conjure some foxfire!
The foxfire hits the endoplasm.
The endoplasm is moderately wounded.
Ijyb zaps a wand.
The mass of ice explodes!
The iceblast engulfs you!!
You feel a painful chill!
Ouch! That really hurt!
You die...

# ###.
###...######.g.
#>..))vv§§§.J..
#@# .# ##v# .#
#..# .#
#.#####.#
#.#...#.#
#.......###(#
###.#.......#
#....######
####.#...#


You could see Ijyb and an endoplasm (ally target).

Vanquished Creatures
  An orc (D:3)
  An endoplasm (D:1)
  A goblin (D:1)
  3 hobgoblins
  2 quokkas (D:3)
  A ball python (D:1)
  A frilled lizard (D:1)
  2 kobolds
12 creatures vanquished.

Vanquished Creatures (others)
  22 foxfires
22 creatures vanquished.

Grand Total: 34 creatures vanquished

Notes
Turn   | Place    | Note
-------+----------+-------------------------------------------
     0 | D:1      | 101zpm the Djinni Fire Elementalist began the quest for the
                  | Orb.
     0 | D:1      | 101zpm set off with the following spells memorised:
                  | Foxfire, Scorch, Conjure Flame, Inner Flame, Flame Wave.
     0 | D:1      | Reached XP level 1. HP: 15/15 MP: 0/0
   286 | D:2      | Reached XP level 2. HP: 15/21 MP: 0/0
   514 | D:3      | Noticed Ijyb
   516 | D:3      | Killed from afar by Ijyb

Illustrated notes

Levels and vault maps discovered:
D:1:      lightli_arrival_boilingwater, layout_basic,
          nicolae_concentric_dashed_squares_mild, minmay_misc_feat_enclosed,
          kennysheep_decorative_pillar
D:2:      layout_loops_ring, shapermc_ecumenical_altar_totnotflames,
          nrook_mini_vaults, uniq_terence
D:3:      due_chaos_kobolds, layout_basic, mainiacjoe_overflow_chevrons,
          serial_shops, shop, nrook_mini_backslash, uniq_ijyb,
          uniq_crazy_yiuf_cottage

Action                   || total
-------------------------++-------
 Cast: Foxfire           ||    20
       Scorch            ||     7
